 Seeded DCSS version 0.29.1-13-g9f3cf754e1 (webtiles) character file.

Game seed: 10786124958312911374 (custom seed)

86 OTABOTABOTAB the Skirmisher (level 4, -10/38 HPs)
             Began as a Gnoll Hunter on Jan 24, 2023.
             Mangled by a gnoll
             ... wielding the +14 obsidian axe {vorpal, Mesm Drain Fly SInv}
              (17 damage)
             ... on level 2 of the Dungeon.
             The game lasted 00:00:37 (586 turns).

OTABOTABOTAB the Skirmisher (Gnoll Hunter)           Turns: 586, Time: 00:00:38

Health: -10/38     AC:  3    Str: 10    XL:     4   Next: 50%
Magic:  5/5        EV: 14    Int:  8    God:
Gold:   41         SH:  0    Dex: 18    Spells: 5/5 levels left

rFire   . . .      SeeInvis .   a - +0 shortbow
rCold   . . .      Faith    .   (shield currently unavailable)
rNeg    . . .      Spirit   .   c - +0 leather armour
rPois   .          Reflect  .   (no helmet)
rElec   .          Harm     .   (no cloak)
rCorr   .          Rampage  .   (no gloves)
Will    .....                   (no boots)
Stlth   ++........              (no amulet)
HPRegen 0.12/turn               (no ring)
MPRegen 0.09/turn               (no ring)

@: no status effects
A: fangs 1, strong nose, distributed training
a: no special abilities


You were on level 2 of the Dungeon.
You visited 1 branch of the dungeon, and saw 2 of its levels.

You collected 41 gold pieces.

Inventory:

Hand Weapons
 a - a +0 shortbow (weapon)
Missiles
 s - 13 stones
Armour
 c - a +0 leather armour (worn)
 l - a +0 pair of boots
   (You found it on level 1 of the Dungeon)
Scrolls
 d - a scroll of noise {unknown}
 g - a scroll of summoning {unknown}
 h - a scroll of identify {unknown}
 i - a scroll of blinking {unknown}
 k - a scroll of enchant weapon {unknown}
 m - a scroll of vulnerability {unknown}
 K - a scroll of immolation {!r}
Potions
 b - a potion of curing {unknown}
 e - a potion of invisibility {unknown}
 f - 2 potions of berserk rage {unknown}
 j - a potion of lignification {unknown}
 n - a potion of resistance {unknown}


   Skills:
 + Level 4.7 Fighting
 + Level 1.2 Short Blades
 + Level 1.2 Long Blades
 + Level 1.2 Axes
 + Level 1.2 Maces & Flails
 + Level 1.2 Polearms
 + Level 1.2 Staves
 + Level 8.6 Ranged Weapons
 + Level 1.2 Throwing
 + Level 1.2 Armour
 + Level 4.7 Dodging
 + Level 2.6 Stealth
 + Level 1.2 Shields
 + Level 1.2 Unarmed Combat
 + Level 1.2 Spellcasting
 + Level 1.0 Conjurations
 + Level 1.0 Hexes
 + Level 1.0 Summonings
 + Level 1.0 Necromancy
 + Level 1.0 Translocations
 + Level 1.0 Transmutations
 + Level 1.0 Fire Magic
 + Level 1.0 Ice Magic
 + Level 1.0 Air Magic
 + Level 1.0 Earth Magic
 + Level 1.0 Poison Magic
 + Level 1.3 Invocations
 + Level 1.2 Evocations


You had 5 spell levels left.
You didn't know any spells.
Your spell library contained the following spells:

 Spells                   Type           Power      Damage    Failure   Level
 Freeze                   Ice            8%         1d3       32%         1
 Frozen Ramparts          Ice            4%         1d1       69%         3
 Hailstorm                Conj/Ice       2%         3d3       97%         4
 Summon Ice Beast         Ice/Summ       2%         N/A       97%         4
 Summon Mana Viper        Hex/Summ       2%         N/A       100%        5
 Monstrous Menagerie      Summ           1%         N/A       100%        7


Dungeon Overview and Level Annotations

Branches:
Dungeon (2/15)

Altars:


Innate Abilities, Weirdness & Mutations

You have very sharp teeth.
Your uncanny sense of smell can sniff out nearby items.
Your experience applies equally to all skills.


Message History

You shoot an arrow. The arrow hits the giant cockroach.
A giant cockroach is nearby!
You shoot an arrow. The arrow hits the giant cockroach.
You kill the giant cockroach!
A goblin comes into view. It is wielding a +0 club.
You shoot an arrow. The arrow hits the goblin!
You kill the goblin!
A ball python comes into view.
You shoot an arrow. The arrow hits the ball python.
You kill the ball python!
You see here a +0 spear.
A bat comes into view.
You shoot an arrow. The arrow hits the bat.
You shoot an arrow. The arrow misses the bat.
The bat hits you but does no damage.
A bat is nearby!
A bat is nearby!
You shoot an arrow. The arrow hits the bat.
You kill the bat!
No target in view!
You see here a bat corpse.
f - 2 brown potions (gained 1) 2 gnolls come into view.
There are monsters nearby!
You shoot an arrow. The arrow hits the gnoll!
The gnoll shouts!
You hear a shout!
A gnoll comes into view. It is wielding a +0 spear.
You shoot an arrow. The arrow hits the gnoll.
A gnoll comes into view. It is wielding a +0 spear.
There are monsters nearby!
You shoot an arrow. The arrow hits the gnoll!
You kill the gnoll!
A gnoll comes into view. It is wielding a +0 spear.
You have reached level 4!
You feel agile.
You shoot an arrow. The gnoll shouts!
The arrow hits the gnoll.
There are monsters nearby!
There are monsters nearby!
Health restored: 38; MP restored: 5 You shoot an arrow.
The arrow closely misses the gnoll.
A gnoll comes into view. It is wielding a +0 spear.
You shoot an arrow. The arrow hits the gnoll.
The gnoll hits you from afar with a +0 spear!
You take 10 damage, and have 28/38 hp.
MASSIVE DAMAGE!!
You shoot an arrow. The arrow closely misses the gnoll.
The gnoll hits you from afar with a +0 spear.
You take 2 damage, and have 26/38 hp.
You shoot an arrow. The arrow hits the gnoll!
The gnoll hits you from afar with a +0 spear. x2
You take 6 damage, and have 20/38 hp.
You are too injured to fight recklessly!
You are too injured to fight recklessly!
You are too injured to fight recklessly!
Unknown command.
You are too injured to fight recklessly!
You are too injured to fight recklessly!
You are too injured to fight recklessly!
Fire: a) +0 shortbow
Aim: a gnoll, wielding a +0 spear (severely wounded, 70% to hit)
You shoot an arrow. The arrow hits the gnoll!
You kill the gnoll!
Fire: a) +0 shortbow
Aim: a gnoll, wielding a +0 spear (severely wounded, 70% to hit)
You shoot an arrow. The arrow hits the gnoll!
You kill the gnoll!
Your Conjurations skill increases to level 1!
Your Hexes skill increases to level 1!
Your Summonings skill increases to level 1!
Your Necromancy skill increases to level 1!
Your Translocations skill increases to level 1!
Your Transmutations skill increases to level 1!
Your Fire Magic skill increases to level 1!
Your Ice Magic skill increases to level 1!
Your Air Magic skill increases to level 1!
Your Earth Magic skill increases to level 1!
Your Poison Magic skill increases to level 1!
Fire: a) +0 shortbow
Aim: a gnoll, wielding the +14 obsidian axe {vorpal, Mesm Drain Fly SInv} (70% to hit)
You shoot an arrow. The arrow completely misses the gnoll.
Fire: a) +0 shortbow
Aim: a gnoll, wielding the +14 obsidian axe {vorpal, Mesm Drain Fly SInv} (70% to hit)
You shoot an arrow. The arrow hits the gnoll!
The gnoll closely misses you.
Fire: a) +0 shortbow
Aim: a gnoll, wielding the +14 obsidian axe {vorpal, Mesm Drain Fly SInv} (severely wounded, 70% to hit)
You shoot an arrow. The arrow barely misses the gnoll.
The arrow hits the gnoll!
The gnoll hits you with the +14 obsidian axe {vorpal, Mesm Drain Fly SInv}!
* * * LOW HITPOINT WARNING * * *
x2 The gnoll misses you.
Fire: a) +0 shortbow
Aim: a gnoll, wielding the +14 obsidian axe {vorpal, Mesm Drain Fly SInv} (severely wounded, 70% to hit)
You shoot an arrow. The arrow closely misses the gnoll.
The arrow hits the gnoll!
You kill the gnoll!
The gnoll hits you with the +14 obsidian axe {vorpal, Mesm Drain Fly SInv}!
You die...

)......#
.......#
.......#######
..........†..##
.......#####..##
#.###### ##..#
.## ##.## .# ∆ ∆
#..## .# ##.@#
## ##g# ∆ #)# ∆
...)g...#
g...♣♣### ∆).


You could see a gnoll.

Vanquished Creatures
  5 gnolls
  4 dart slugs
  6 ball pythons
  5 endoplasms
  A giant cockroach (D:2)
  2 goblins
  2 hobgoblins (D:1)
  3 kobolds (D:1)
  A quokka (D:1)
  6 bats
  4 rats (D:1)
39 creatures vanquished.

Notes
Turn   | Place    | Note
-------+----------+-------------------------------------------
     0 | D:1      | OTABOTABOTAB the Gnoll Hunter began the quest for the Orb.
     0 | D:1      | Reached XP level 1. HP: 20/20 MP: 1/1
   167 | D:1      | Reached XP level 2. HP: 23/26 MP: 2/2
   257 | D:1      | Reached XP level 3. HP: 31/31 MP: 3/3
   417 | D:1      | Reached skill level 1 in Invocations
   455 | D:1      | You fall into a shaft and drop 1 floor!
   460 | D:2      | Reached skill level 1 in Short Blades
   460 | D:2      | Reached skill level 1 in Long Blades
   460 | D:2      | Reached skill level 1 in Axes
   460 | D:2      | Reached skill level 1 in Maces & Flails
   460 | D:2      | Reached skill level 1 in Polearms
   460 | D:2      | Reached skill level 1 in Staves
   460 | D:2      | Reached skill level 1 in Throwing
   460 | D:2      | Reached skill level 1 in Armour
   460 | D:2      | Reached skill level 1 in Shields
   460 | D:2      | Reached skill level 1 in Unarmed Combat
   460 | D:2      | Reached skill level 1 in Spellcasting
   460 | D:2      | Reached skill level 1 in Evocations
   574 | D:2      | Reached XP level 4. HP: 38/38 MP: 5/5
   583 | D:2      | Reached skill level 1 in Conjurations
   583 | D:2      | Reached skill level 1 in Hexes
   583 | D:2      | Reached skill level 1 in Summonings
   583 | D:2      | Reached skill level 1 in Necromancy
   583 | D:2      | Reached skill level 1 in Translocations
   583 | D:2      | Reached skill level 1 in Transmutations
   583 | D:2      | Reached skill level 1 in Fire Magic
   583 | D:2      | Reached skill level 1 in Ice Magic
   583 | D:2      | Reached skill level 1 in Air Magic
   583 | D:2      | Reached skill level 1 in Earth Magic
   583 | D:2      | Reached skill level 1 in Poison Magic
   585 | D:2      | HP: 9/38 [gnoll/the +14 obsidian axe {vorpal, Mesm Drain
                  | Fly SInv} (12)]
   586 | D:2      | Mangled by a gnoll

Illustrated notes

Levels and vault maps discovered:
D:1:      shiori_arrival_elements, layout_basic
D:2:      wander_river, layout_basic, pf_guarded_unrand_woodcutter,
          uniq_sigmund, uniq_terence

Skill      XL: |  1  2  3  4 |
---------------+-------------+-----
Invocations    | 1 |  1.3
Short Blades   | 1 |  1.2
Long Blades    | 1 |  1.2
Axes           | 1 |  1.2
Maces & Flails | 1 |  1.2
Polearms       | 1 |  1.2
Staves         | 1 |  1.2
Throwing       | 1 |  1.2
Armour         | 1 |  1.2
Shields        | 1 |  1.2
Unarmed Combat | 1 |  1.2
Spellcasting   | 1 |  1.2
Evocations     | 1 |  1.2
Conjurations   | 1 |  1.0
Hexes          | 1 |  1.0
Summonings     | 1 |  1.0
Necromancy     | 1 |  1.0
Translocations | 1 |  1.0
Transmutations | 1 |  1.0
Fire Magic     | 1 |  1.0
Ice Magic      | 1 |  1.0
Air Magic      | 1 |  1.0
Earth Magic    | 1 |  1.0
Poison Magic   | 1 |  1.0
Fighting       | |  4.7
Ranged Weapons | |  8.6
Dodging        | |  4.7
Stealth        | |  2.6

Action                   |  1- 3 |  4- 6 || total
-------------------------+-------+-------++-------
 Fire: Shortbow          |    90 |    11 ||   101
Armor: Leather armour    |     7 |       ||     7
Dodge: Dodged            |    17 |     2 ||    19

Table legend: (Time is in decaauts)
 A = Elapsed time spent in this place.
 B = Non-inter-level travel time spent in this place.
 C = Inter-level travel time spent in this place.
 D = Time resting spent in this place.
 E = Time spent auto-exploring this place.
 F = Levels seen in this place.
 G = Mean time per level.
                   A        B        C        D        E       F      G
               +--------+--------+--------+--------+--------+-----+--------+
         Total |    597 |    597 |      0 |      0 |    433 |   2 |  298.5 |
       Dungeon |    597 |    597 |      0 |      0 |    433 |   2 |  298.5 |
               +--------+--------+--------+--------+--------+-----+--------+

Top non-repeatable levels by time:
     D:1: 463 daAuts
     D:2: 134 daAuts

Table legend:
 A = Kills in this place as a percentage of kills in entire the game.
 B = Kills by you in this place as a percentage of kills by you in the entire game.
 C = Kills by friends in this place as a percentage of kills by friends in the entire game.
 D = Other kills in this place as a percentage of other kills in the entire game.
 E = Experience gained in this place as a percentage of experience gained in the entire game.
 F = Experience gained in this place divided by the number of levels of this place that you have seen.
                   A       B       C       D       E      F
               +-------+-------+-------+-------+-------+----------------------
         Total | 100.0 | 100.0 |   N/A |   N/A | 100.0 |  69.0
       Dungeon | 100.0 | 100.0 |   N/A |   N/A | 100.0 |  69.0
               +-------+-------+-------+-------+-------+----------------------
